 Dungeon Crawl Stone Soup version 0.19.0-2-gae57169 (webtiles) character file.

2524582 wingedespeon the Portalist (level 27, 156/156 HPs)
             Began as a Vine Stalker Artificer on Nov 4, 2016.
             Escaped with the Orb
             ... and 4 runes on Nov 6, 2016!
             The game lasted 06:05:51 (66066 turns).

wingedespeon the Portalist (VSAr)                  Turns: 66066, Time: 06:05:51

Health: 156/156    AC: 39    Str: 18    XL:     27
Magic:  47/47      EV: 30    Int: 13    God:
Gold:   8046       SH: 25    Dex: 23    Spells: 14 memorised, 13 levels left

rFire  + . .     SeeInvis +     a - +8 autumn katana {slice, Clar}
rCold  + . .     Gourm    .     Q - quicksilver dragon scales
rNeg   . . .     Faith    .     i - +5 shield {rC+ rF+}
rPois  .         Spirit   +     d - +5 helmet "Affo" {*Drain +Inv SInv Stlth-}
rElec  .         Reflect  +     w - +2 cloak {+Inv}
rCorr  .         Harm     .     E - +2 pair of gloves
MR     ++++.     Clarity  +     U - +2 pair of boots
Stlth  +.........               h - +5 amulet of reflection
                                T - +3 ring of slaying
                                J - +5 ring of protection

@: very slightly contaminated, repel missiles
A: fangs 3, regeneration 2, magic shield, antimagic bite, no device heal 3, rot
immunity
a: Evoke Invisibility
0: Orb of Zot
}: 4/15 runes: barnacled, slimy, silver, gossamer


You escaped.
You were not hungry.

You visited 11 branches of the dungeon, and saw 57 of its levels.
You visited the Abyss 1 time.
You visited 1 ziggurat, and saw 9 of its levels.
You also visited: Labyrinth and Ice Cave.

You collected 10720 gold pieces.
You spent 2674 gold pieces at shops.

Inventory:

Hand Weapons
 a - the +8 autumn katana (weapon) {slice, Clar}
   (You found it on level 4 of the Shoals)

   It inflicts extra damage upon your enemies.
   It protects you against confusion.
 I - the +8 demon blade "Leech" {vamp, rN+ AC-3 EV-3}
   (You found it on level 3 of the Crypt)

   It inflicts no extra harm, but heals its wielder when it wounds a living foe.
   It affects your AC (-3).
   It affects your evasion (-3).
   It protects you from negative energy.
Missiles
 g - 14 throwing nets (quivered)
 R - 20 javelins of penetration
Armour
 d - the +5 helmet "Affo" (worn) {*Drain +Inv SInv Stlth-}
   (You found it on level 1 of the Depths)

   It lets you see invisible.
   It lets you turn invisible.
   It causes draining when unequipped.
   It makes you less stealthy.
 i - a +5 shield of resistance (worn)
 w - a +2 cloak of invisibility (worn)
 E - a +2 pair of gloves (worn)
 Q - quicksilver dragon scales (worn)
 U - a +2 pair of boots (worn)
Jewellery
 h - a +5 amulet of reflection (around neck)
 J - a +5 ring of protection (left hand)
 N - an uncursed amulet of rage
 S - an uncursed ring of resist corrosion
 T - a +3 ring of slaying (right hand)
Wands
 c - a wand of digging (12/24)
 j - a wand of teleportation (3/9)
 x - a wand of hasting (2/9)
 F - a wand of paralysis (11/24)
Scrolls
 b - 21 scrolls of identify
 l - 12 scrolls of fear
 m - 14 scrolls of teleportation
 n - 3 scrolls of summoning
 o - 31 scrolls of remove curse
 p - 8 scrolls of recharging
 z - 13 scrolls of magic mapping
 K - a scroll of blinking
 V - 2 scrolls of enchant armour
 W - 2 scrolls of holy word
 Y - 5 scrolls of fog
Potions
 e - 3 potions of flight
 k - 7 potions of haste
 r - 2 potions of might
 v - 2 potions of resistance
 A - 2 potions of cancellation
 B - 26 potions of curing
 D - 2 potions of agility
 G - a potion of beneficial mutation
 L - a potion of berserk rage
 M - 3 potions of brilliance
 O - 2 potions of magic
 Z - 9 potions of ambrosia
Miscellaneous
 y - 5 phantom mirrors
 H - a fan of gales
 X - a lamp of fire
Comestibles
 f - 11 bread rations {@e1}
 q - 28 meat rations {@e2}
 t - 58 fruits
 C - 14 slices of pizza


   Skills:
 - Level 20.0 Fighting
   Level 1.2(12.5) Short Blades
 - Level 18.4 Long Blades
 + Level 17.8 Armour
 - Level 21.0 Dodging
 - Level 1.4 Stealth
 - Level 15.1 Shields
 - Level 19.0 Spellcasting
 - Level 3.2 Hexes
 - Level 9.4 Charms
 - Level 7.6 Necromancy
 - Level 21.5 Translocations
 - Level 3.8 Air Magic
 - Level 6.0 Evocations


You had 13 spell levels left.
You knew the following spells:

 Your Spells              Type           Power        Failure   Level  Hunger
a - Repel Missiles        Chrm/Air       ####..       1%          2    None
b - Song of Slaying       Chrm           #####...     1%          2    None
c - Spectral Weapon       Hex/Chrm       ####....     1%          3    None
d - Swiftness             Chrm/Air       ####....     1%          2    None
e - Regeneration          Chrm/Necr      ####......   1%          3    None
f - Apportation           Tloc           ######....   0%          1    None
g - Blink                 Tloc           N/A          0%          2    None
h - Lesser Beckoning      Tloc           ######....   0%          3    None
i - Passage of Golubria   Tloc           N/A          0%          4    #......
j - Dispersal             Tloc           ######....   1%          6    ######.
k - Force Lance           Conj/Tloc      #####...     1%          4    #......
l - Disjunction           Tloc           ######....   10%         8    #######
m - Controlled Blink      Tloc           N/A          10%         8    #######
n - Gell's Gravitas       Hex/Tloc       #####.....   1%          3    None


Dungeon Overview and Level Annotations

Branches:
Dungeon (15/15)            Temple (0/1) D:6            Lair (6/6) D:10
 Shoals (4/4) Lair:3       Spider (4/4) Lair:4        Slime (5/5) Lair:5
    Orc (2/2) D:11            Elf (3/3) Orc:2        Vaults (5/5) D:14
  Crypt (3/3) Vaults:3       Tomb (0/3) Crypt:3      Depths (5/5) D:15
    Zot (5/5) Depths:5

Altars:
Ashenzari
Dithmenos
Elyvilon
Fedhas
Gozag
Hepliaklqana
Kikubaaqudgha
Makhleb
Ru
Sif Muna
Vehumet
Xom
Yredelemnul
Zin
The Shining One
Beogh

Shops:
D:5 (   D:10 [   D:12 !   D:14 ?   Orc:2 *([:   Elf:2 [*}   Vaults:1 :
Vaults:3 *   Depths:2 }}=

Portals:
Hell: Depths:1 Depths:2 Depths:3 Depths:4 Depths:5
Abyss: Depths:4 Depths:5
Pandemonium: Depths:2 Depths:3 Depths:5

Annotations:
D:14 exclusion: Roxanne, Roxanne
Spider:1 bananaglory's ghost, adept TeAs
Depths:5 4 runed doors


Innate Abilities, Weirdness & Mutations

You have razor-sharp teeth.
You heal very quickly.
When hurt, damage is shared between your health and your magic reserves.
Your bite disrupts and absorbs the magic of your enemies.
Potions and wands cannot restore your health.
You are immune to rotting.


Message History

The Tzitzimitl roars!
Evoke which item? (* to show all) (? for menu, Esc to quit)
Zapping:
x - a wand of hasting (3/9)
Press: ? - help, Shift-Dir - straight line, f - you You feel yourself speed up.
This wand has 2 charges left.
There is a stone staircase leading up here.
You climb upwards.
There is a stone staircase leading down here.
Your extra speed is starting to run out.
A hobgoblin comes into view. It is wielding a club.
The hobgoblin shouts!
A green death comes into view.
The green death roars!
You block the hobgoblin's attack. The green death gestures at you.
You feel yourself slow down.
You slash the hobgoblin!
You kill the hobgoblin!
There is a staircase leading out of the dungeon here.
You have escaped!

..'...#..§#######........##......
..#.....§§....# #........####..#.
..#.....§2....# #................
..#.....#.....# #............#...
..#.....#.....# #..........).##..
..#.....#.....##########.)...##.>
..#.....#####).# #.....####
###.....# ##.### #.....# #.....#
#.#@## #.....# ####### #....#
#.....# #...## #.....# #####
#.....# #.....# #.....# #.....#
#.....# #######


There were no monsters in sight!

Vanquished Creatures
  the Royal Jelly (Slime:5)
  Dissolution (Slime:1)
  4 orbs of fire
  5 ancient liches
  2 juggernauts (Depths:4)
  Frederick (Depths:4)
  5 Killer Klowns
  A pandemonium lord (Zig:1)
  7 golden dragons
  Arachne (Spider:3)
  A profane servitor (Crypt:3)
  the Enchantress (Depths:5)
  Jory (Crypt:3)
  Nikola (Shoals:3)
  4 bone dragons
  A Tzitzimitl (Zig:7)
  6 electric golems
  The ghost of grisnicke the Executioner, an adept HOBe of Trog (Shoals:4)
  An Ice Fiend (IceCv)
  18 tentacled monstrosities
  27 Orb Guardians
  Asterion (Spider:1)
  5 titans
  A deep elf master archer (Elf:3)
  11 liches
  8 quicksilver dragons
  10 acid blobs
  A quicksilver dragon (shapeshifter) (Zig:4)
  4 death cobs
  3 deep elf blademasters
  3 sphinxes
  Polyphemus (Shoals:3)
  Kirke (D:15)
  13 tengu reavers
  3 ancient champions
  Donald (Shoals:1)
  Ilsuiw (Shoals:4)
  20 storm dragons
  15 shadow dragons
  4 draconian monks
  2 nagarajas (Zig:8)
  4 revenants
  15 azure jellies
  11 deep elf sorcerers
  14 frost giants
  12 fire giants
  7 draconian knights
  Aizul (Elf:3)
  An iron dragon (Depths:4)
  9 ghost moths
  17 vault wardens
  5 draconian scorchers
  7 draconian shifters
  2 draconian zealots
  An orc warlord (Orc:1)
  3 deep elf elementalists
  3 emperor scorpions (Spider:4)
  A cacodemon (Depths:2)
  5 spriggan defenders
  19 very ugly things
  4 entropy weavers
  17 ironheart preservers
  3 draconian annihilators
  3 war gargoyles
  5 ghouls
  16 stone giants
  6 draconian callers
  11 green draconians
  9 deep elf demonologists
  7 vampire knights
  11 black draconians
  6 white draconians
  Nessos (D:14)
  7 mottled draconians
  17 red draconians
  20 spark wasps
  11 purple draconians
  10 yellow draconians
  7 deep elf annihilators
  6 death oozes
  A crystal guardian (Vaults:4)
  8 eidola
  14 deep elf death magi
  25 ettins
  23 jiangshi
  Josephine (Orc:1)
  A minotaur (Lab)
  8 merfolk javelineers
  6 deep elf high priests
  29 vault guards
  12 merfolk impalers
  18 fire dragons
  Erolcha (D:10)
  20 yaktaur captains
  13 great orbs of eyes
  Harold (D:10)
  2 hell beasts
  15 ice dragons
  4 rakshasas
  10 hydras
  6 merfolk avatars
  Fannar (Lair:2)
  4 catoblepae
  11 merfolk aquamancers
  3 spriggan air magi
  A spectral sphinx (Zig:7)
  Erica (D:8)
  An alligator snapping turtle (Shoals:4)
  2 satyrs
  31 dancing weapons
  13 centaur warriors
  3 hell hogs (Abyss:3)
  7 death knights
  7 vampire magi
  13 deep troll shamans
  14 death yaks
  17 ogre magi
  A hell hog (shapeshifter) (Vaults:5)
  11 deep troll earth magi
  3 spriggan berserkers
  7 tengu warriors
  5 orc high priests
  Urug (D:12)
  3 soul eaters
  35 deep elf knights
  2 hell knights
  5 iron trolls
  41 skeletal warriors
  2 salamander mystics (Zig:8)
  A sixfirhy (Depths:2)
  3 shadow wraiths (Crypt:3)
  6 glowing orange brains
  5 small abominations
  An unseen horror (shapeshifter) (Vaults:1)
  35 deep elf archers
  40 deep trolls
  2 unseen horrors
  8 flayed ghosts
  14 sea snakes
  11 hill giants
  17 wizards
  3 phantasmal warriors
  An anaconda skeleton (Crypt:2)
  14 orb spiders
  21 harpies
  A wolf spider zombie (D:15)
  A harpy (shapeshifter) (Depths:2)
  31 wolf spiders
  7 necromancers
  18 orc knights
  2 frost giant zombies
  87 deep elf magi
  24 ironbrand convokers
  A mana viper (shapeshifter) (Zot:4)
  8 orc sorcerers
  39 ugly things
  13 manticores
  12 fauns
  4 shining eyes
  30 moths of wrath
  10 cyclopes
  A moth of wrath (shapeshifter) (Vaults:5)
  Maurice (D:8)
  A stone giant skeleton (Depths:2)
  7 sirens
  2 iron dragon skeletons (Depths:2)
  17 vault sentinels
  A black mamba (shapeshifter) (Depths:4)
  5 water nymphs
  4 ice statues
  An eye of devastation (Slime:1)
  6 elephants (Lair:6)
  3 fire giant skeletons
  A naga mage (Depths:3)
  8 black mambas
  Joseph (D:6)
  3 rust devils
  A smoke demon (Depths:5)
  3 gargoyles
  A yaktaur zombie (Vaults:3)
  21 spiny frogs
  4 kobold demonologists (D:12)
  An alligator snapping turtle skeleton (Crypt:1)
  9 freezing wraiths
  40 yaktaurs
  4 hellwings
  9 demonic crawlers
  A mottled draconian zombie (Crypt:1)
  A tormentor (D:14)
  A rime drake (shapeshifter) (Depths:4)
  8 komodo dragons
  A spriggan skeleton (Depths:2)
  3 tengu conjurers
  13 ice devils
  2 red devils
  11 trolls
  A polar bear (Lair:5)
  A jumping spider (shapeshifter) (Vaults:2)
  44 jumping spiders
  2 trolls (shapeshifter)
  54 merfolk
  A moth of wrath zombie (Crypt:1)
  3 wind drakes
  A two-headed ogre (shapeshifter) (D:15)
  20 two-headed ogres
  11 blink frogs
  10 hornets
  118 slime creatures
  13 dream sheep
  16 hippogriffs
  2 hippogriffs (shapeshifter)
  A bog body (Crypt:2)
  A meliai zombie (D:12)
  14 snapping turtles
  A stone giant simulacrum (Vaults:2)
  66 flying skulls
  3 air elementals
  A black mamba zombie (Crypt:2)
  26 water elementals
  2 vampires
  17 wraiths
  65 redbacks
  A tarantella (shapeshifter) (Vaults:5)
  18 tarantellas
  8 spriggans
  An ettin skeleton (Depths:2)
  A spectral elf (Crypt:3)
  4 shadows
  A dire elephant simulacrum (IceCv)
  A golden eye (shapeshifter) (Vaults:1)
  21 yaks
  Grum (D:8)
  A basilisk (shapeshifter) (Depths:4)
  5 wyverns
  A yak (shapeshifter) (Depths:1)
  2 fire elementals
  4 hogs (D:8)
  6 golden eyes
  A human (D:8)
  A steam dragon (D:8)
  9 vampire mosquitoes
  6 basilisks
  4 hungry ghosts
  Menkaure (D:7)
  4 harpy simulacra
  5 mottled dragons
  A hill giant skeleton (Crypt:2)
  3 iron troll simulacra (IceCv)
  A water nymph zombie (Crypt:1)
  11 wargs
  A torturous demonspawn zombie (Crypt:2)
  2 hydra simulacra (IceCv)
  9 water moccasins
  An orb spider zombie (Crypt:2)
  2 floating eyes (Depths:4)
  10 porcupines
  43 orc warriors
  4 ice beasts
  6 sky beasts
  2 black bears
  4 phantoms
  2 eyes of draining
  10 necrophages
  A hornet zombie (D:13)
  2 ettin simulacra
  59 ogres
  21 boggarts
  10 wolves
  20 centaurs
  14 crocodiles
  3 big kobolds
  An octopode zombie (Crypt:2)
  23 bullfrogs
  3 earth elementals
  2 salamander skeletons
  A deep troll simulacrum (Vaults:1)
  An elf skeleton (Crypt:1)
  A spiny frog simulacrum (Crypt:3)
  A human skeleton (Vaults:3)
  2 scorpions
  A troll zombie (D:11)
  6 killer bees (D:12)
  A troll skeleton (Crypt:1)
  14 wights
  9 howler monkeys
  2 electric eels
  7 crimson imps
  3 centaur zombies
  A human simulacrum (Vaults:1)
  A quasit (D:9)
  3 jellies
  3 bullfrog skeletons
  A bullfrog zombie (D:10)
  8 hounds
  16 orc priests
  6 centaur skeletons
  28 orc wizards
  Crazy Yiuf (D:7)
  6 iguanas
  Terence (D:3)
  8 worker ants
  7 ogre zombies (D:11)
  A hound zombie (D:10)
  An ogre skeleton (Crypt:2)
  A howler monkey zombie (D:6)
  2 hound skeletons
  2 worker ant zombies
  8 gnolls
  9 adders
  2 howler monkey skeletons
  A river rat (Lair:6)
  4 shadow imps
  A white imp (Depths:5)
  2 ufetubi
  3 adder skeletons
  2 dart slugs
  2 leopard geckos
  86 orcs
  A ball python (D:6)
  5 giant cockroaches
  6 goblins
  11 hobgoblins
  11 jackals
  3 quokkas
  5 bats
  2 frilled lizards
  2 goblin skeletons
  2 goblin zombies (D:11)
  4 hobgoblin zombies (D:11)
  11 kobolds
  3 leopard gecko zombies
  An orc skeleton (Crypt:1)
  18 orc zombies (D:11)
  A quokka zombie (D:7)
  11 rats
  4 crawling corpses (Elf:3)
  A plant (Shoals:3)
  4 tentacles (Shoals:4)
2885 creatures vanquished.

Vanquished Creatures (collateral kills)
  An ettin (Vaults:5)
1 creature vanquished.

Vanquished Creatures (others)
  A deep elf master archer (Elf:3)
  A lich (Zot:4)
  A kraken (Shoals:4)
  A stone giant (Depths:5)
  A merfolk javelineer (Shoals:1)
  A yaktaur captain (Depths:2)
  3 deep elf knights
  2 deep elf archers
  A harpy (Shoals:3)
  An ugly thing (Elf:1)
  2 deep elf magi
  7 yaktaurs
  A hornet (Depths:4)
  A redback (Spider:3)
  A wraith (Crypt:3)
  2 humans (D:15)
  A tarantella (Spider:1)
  An orc warrior (Vaults:5)
  2 centaurs (D:14)
  A bullfrog (D:7)
  An orc wizard (Vaults:1)
  2 gnolls (D:7)
  An orc (D:10)
  6 fungi
  4 plants
  13 spectral weapons
  6 tentacles (Shoals:4)
65 creatures vanquished.

Grand Total: 2951 creatures vanquished

Notes
Turn   | Place    | Note
-------+----------+-------------------------------------------
     0 | D:1      | wingedespeon the Vine Stalker Artificer began the quest for the Orb.
     0 | D:1      | Reached XP level 1. HP: 9/9 MP: 3/3
    41 | D:1      | Reached skill level 1 in Fighting
   166 | D:1      | Reached skill level 1 in Short Blades
   166 | D:1      | Reached XP level 2. HP: 11/14 MP: 3/5
   530 | D:1      | You fall through a shaft!
   944 | D:1      | Reached XP level 3. HP: 18/18 MP: 6/6
  1019 | D:2      | Learned a level 2 spell: Repel Missiles
  1213 | D:2      | Found a shadowy altar of Dithmenos.
  1975 | D:3      | Gained mutation: Your natural rate of healing is unusually fast. [Vine Stalker growth]
  1975 | D:3      | Reached XP level 4. HP: 16/23 MP: 4/7
  2134 | D:3      | Reached skill level 1 in Long Blades
  2171 | D:3      | Reached XP level 5. HP: 26/26 MP: 8/8
  2188 | D:3      | Noticed Terence
  2249 | D:3      | Killed Terence
  2497 | D:3      | Found a deep blue altar of Sif Muna.
  2721 | D:4      | Noticed an ogre
  2729 | D:4      | Reached XP level 6. HP: 25/32 MP: 9/9
  2910 | D:4      | Learned a level 2 spell: Blink
  3005 | D:4      | Noticed a sky beast
  3005 | D:4      | an ogre changed into a sky beast
  3024 | D:4      | Killed a sky beast
  3024 | D:4      | Reached XP level 7. HP: 24/36 MP: 9/11
  3464 | D:4      | Found a glowing silver altar of Zin.
  3464 | D:4      | Noticed an angel
  3660 | D:4      | Found a blossoming altar of Fedhas.
  3747 | D:5      | Entered Level 5 of the Dungeon
  4064 | D:5      | Found Suwom's Antique Weapon Shoppe.
  4165 | D:5      | Gained mutation: You have razor-sharp teeth. [Vine Stalker growth]
  4165 | D:5      | Reached XP level 8. HP: 35/42 MP: 12/12
  4189 | D:5      | Reached skill level 5 in Evocations
  4221 | D:5      | Found a white marble altar of Elyvilon.
  4639 | D:6      | Found a staircase to the Ecumenical Temple.
  4828 | D:6      | Found a sacrificial altar of Ru.
  4848 | D:6      | Reached skill level 5 in Fighting
  5074 | D:6      | Found a hazy altar of Hepliaklqana.
  5141 | D:6      | Found a burning altar of Makhleb.
  5395 | D:7      | Reached skill level 5 in Long Blades
  5476 | D:7      | Reached XP level 9. HP: 20/48 MP: 8/14
  5484 | D:7      | Noticed Joseph
  5839 | D:7      | Found a shimmering altar of Xom.
  5894 | D:7      | Found a runed door.
  5900 | D:7      | Noticed Crazy Yiuf
  5906 | D:7      | Killed Crazy Yiuf
  6213 | D:7      | Identified a scroll of acquirement
  6259 | D:7      | Noticed Menkaure
  6416 | D:7      | Killed Menkaure
  6556 | D:6      | Killed Joseph
  6703 | D:8      | Noticed Maurice
  6712 | D:8      | Killed Maurice
  6843 | D:5      | Bought a runed scimitar for 300 gold pieces
  7007 | D:8      | Reached XP level 10. HP: 56/56 MP: 15/15
  7049 | D:8      | Noticed Grum
  7072 | D:8      | Killed Grum
  7395 | D:8      | Found a radiant altar of Vehumet.
  7397 | D:8      | Found an opulent altar of Gozag.
  7473 | D:8      | Noticed Erica
  7489 | D:8      | Killed Erica
  7890 | D:9      | Reached skill level 1 in Spellcasting
  8090 | D:9      | Found a shattered altar of Ashenzari.
  8310 | D:9      | Reached XP level 11. HP: 57/62 MP: 14/16
  8356 | D:9      | Found a basalt altar of Yredelemnul.
  8416 | D:9      | Reached skill level 10 in Long Blades
  8542 | D:9      | Found a shattered altar of Ashenzari.
  8586 | D:10     | Entered Level 10 of the Dungeon
  8586 | D:10     | Noticed Harold
  8693 | D:10     | Killed Harold
  8854 | D:10     | Found a glowing golden altar of the Shining One.
  8928 | D:10     | Found Xuecsim's Armour Emporium.
  8929 | D:10     | Noticed Erolcha
  8942 | D:10     | Killed Erolcha
  8995 | D:10     | Noticed a hill giant
  9008 | D:10     | Killed a hill giant
  9037 | D:10     | Found a staircase to the Lair.
  9147 | D:10     | Noticed a hill giant
  9161 | D:10     | Killed a hill giant
  9280 | Lair:1   | Entered Level 1 of the Lair of Beasts
  9825 | Lair:1   | Learned a level 1 spell: Apportation
 10271 | Lair:2   | Gained mutation: You heal very quickly. [Vine Stalker growth]
 10271 | Lair:2   | Reached XP level 12. HP: 66/66 MP: 17/17
 10392 | Lair:2   | Noticed an eight-headed hydra
 10418 | Lair:2   | Killed a three-headed hydra
 10543 | Lair:2   | Noticed Fannar
 11022 | Lair:3   | Noticed a five-headed hydra
 11051 | Lair:3   | Killed a one-headed hydra
 11402 | D:5      | Bought a runed scimitar for 300 gold pieces
 11594 | Lair:2   | Killed Fannar
 11765 | Lair:3   | Noticed a seven-headed hydra
 11836 | Lair:3   | Found a staircase to the Shoals.
 11841 | Lair:3   | Got a brightly glowing long sword
 11842 | Lair:3   | Identified the +8 long sword of Cuushrig {drain, *Corrode +Fly rN+++} (You found it on level 3 of the Lair of Beasts)
 12370 | Lair:3   | Killed a three-headed hydra
 12410 | Lair:4   | Found a hole to the Spider Nest.
 12461 | Lair:4   | Found a labyrinth entrance.
 12470 | Lab      | Entered a labyrinth
 12930 | Lab      | Noticed a minotaur
 12947 | Lab      | Killed a minotaur
 12947 | Lab      | Reached skill level 5 in Dodging
 13074 | Lair:4   | Reached skill level 1 in Armour
 13074 | Lair:4   | Reached XP level 13. HP: 68/71 MP: 18/18
 13249 | Lair:4   | Reached skill level 10 in Fighting
 14081 | Lair:5   | Found a staircase to the Slime Pits.
 15116 | D:11     | Found a staircase to the Orcish Mines.
 15533 | Orc:1    | Entered Level 1 of the Orcish Mines
 15687 | Orc:1    | Reached skill level 1 in Shields
 15710 | Orc:1    | Noticed Josephine
 15722 | Orc:1    | Killed Josephine
 15735 | Orc:1    | Reached XP level 14. HP: 61/77 MP: 19/19
 15959 | Orc:1    | Found a roughly hewn altar of Beogh.
 16007 | Orc:2    | Entered Level 2 of the Orcish Mines
 16017 | Orc:2    | Found Giniutiz's General Store.
 16145 | Orc:2    | Noticed an orc warlord
 16225 | Orc:1    | Killed an orc warlord
 16251 | Orc:2    | Reached skill level 5 in Armour
 16279 | Orc:2    | Bought a potion of degeneration for 12 gold pieces
 16279 | Orc:2    | Bought a potion of heal wounds for 60 gold pieces
 16279 | Orc:2    | Bought a scroll of identify for 24 gold pieces
 16479 | Orc:2    | Found Esoef's Antique Weapon Emporium.
 16623 | Orc:2    | Found Ehastora's Antique Armour Shop.
 16734 | Orc:2    | Bought a runed cloak for 294 gold pieces
 16747 | Orc:2    | Found a staircase to the Elven Halls.
 17078 | Orc:2    | Found Kiuffodu's Book Emporium.
 17475 | Lair:6   | Entered Level 6 of the Lair of Beasts
 18391 | Lair:6   | Reached XP level 15. HP: 45/84 MP: 20/20
 18516 | Lair:6   | Got a warped shield
 18527 | Lair:6   | Identified the +3 shield of a bazaar {rC- Str+5 Dex+4} (You found it on level 6 of the Lair of Beasts)
 18867 | D:12     | Reached skill level 10 in Dodging
 18981 | D:12     | Found Peesm's Distillery.
 18989 | D:12     | Bought a potion of lignification for 36 gold pieces
 18989 | D:12     | Bought a potion of brilliance for 48 gold pieces
 19228 | D:12     | Noticed Urug
 19247 | D:12     | Killed Urug
 19721 | D:13     | Found a runed door.
 19723 | D:13     | Noticed a storm dragon
 19886 | D:13     | Killed a storm dragon
 20139 | D:13     | Got a pair of slimy boots
 20145 | D:13     | Identified the -7 pair of boots of the Will of the Gods {Dex+4} (You acquired it on level 13 of the Dungeon)
 20832 | D:14     | Found a shadowy altar of Dithmenos.
 20935 | D:14     | Found a gate to the Vaults.
 20999 | D:14     | Reached XP level 16. HP: 66/91 MP: 21/21
 21059 | D:14     | Noticed a tengu reaver
 21074 | D:14     | Killed a tengu reaver
 21637 | D:14     | Noticed Nessos
 21646 | D:14     | Killed Nessos
 21666 | D:14     | Found Hadgha Xuiz's Magic Scroll Shoppe.
 21713 | D:14     | Noticed Roxanne
 22057 | D:15     | Entered Level 15 of the Dungeon
 22474 | D:15     | Found a staircase to the Depths.
 22688 | D:15     | Noticed Kirke
 22699 | D:15     | Killed Kirke
 22699 | D:15     | Reached skill level 15 in Long Blades
 23216 | D:14     | Bought a scroll of blinking for 127 gold pieces
 23302 | Elf:1    | Entered Level 1 of the Elven Halls
 23368 | Elf:1    | Found a frozen archway.
 23448 | IceCv    | Entered an ice cave
 23566 | IceCv    | Reached XP level 17. HP: 81/95 MP: 22/22
 24012 | IceCv    | Noticed an Ice Fiend
 24022 | IceCv    | Killed an Ice Fiend
 24310 | Elf:1    | Found an ancient bone altar of Kikubaaqudgha.
 25135 | Elf:2    | Reached skill level 10 in Armour
 25506 | Elf:2    | Found Xefracw's Armour Shoppe.
 25512 | Elf:2    | Found Teabug's General Store.
 25522 | Elf:2    | Bought a potion of magic for 136 gold pieces
 25530 | Elf:2    | Learned a level 2 spell: Swiftness
 25575 | Elf:2    | Found a huge runed gate.
 25575 | Elf:2    | Found a huge runed gate.
 25575 | Elf:2    | Found a huge runed gate.
 25667 | Elf:2    | Found Bepasm's Gadget Boutique.
 25682 | Elf:2    | Bought a wand of teleportation (3/9) for 441 gold pieces
 26496 | Elf:2    | Reached XP level 18. HP: 97/102 MP: 23/23
 26673 | Elf:2    | Noticed a deep elf blademaster
 26691 | Elf:2    | Killed a deep elf blademaster
 27184 | Spider:1 | Entered Level 1 of the Spider Nest
 27575 | Spider:1 | Noticed Asterion
 27592 | Spider:1 | Killed Asterion
 27708 | Spider:1 | Noticed bananaglory's ghost (adept TeAs)
 28073 | Spider:2 | Gained mutation: Your system is resistant to poisons. (rPois) [potion of beneficial mutation]
 28591 | Spider:3 | Noticed Arachne
 28755 | Spider:3 | Reached skill level 15 in Fighting
 28910 | Spider:3 | Killed Arachne
 28913 | Spider:3 | Got a faintly humming robe
 28924 | Spider:3 | Identified the cursed +1 robe of Ihobef {rPois Dex+4 Stlth+} (You took it off Arachne on level 3 of the Spider Nest)
 29220 | Spider:4 | Entered Level 4 of the Spider Nest
 29917 | Spider:4 | Reached XP level 19. HP: 105/108 MP: 22/24
 30545 | Spider:4 | Got a gossamer rune of Zot
 30754 | Spider:1 | Reached skill level 1 in Charms
 30849 | Shoals:1 | Entered Level 1 of the Shoals
 30849 | Shoals:1 | Noticed Donald
 30860 | Shoals:1 | Killed Donald
 30860 | Shoals:1 | Reached skill level 1 in Air Magic
 32519 | Shoals:3 | Reached skill level 5 in Spellcasting
 32944 | Shoals:3 | Noticed Polyphemus
 32965 | Shoals:3 | Killed Polyphemus
 33088 | Shoals:3 | Noticed Nikola
 33106 | Shoals:3 | Killed Nikola
 33589 | Shoals:3 | Reached XP level 20. HP: 114/114 MP: 33/33
 33770 | Shoals:4 | Entered Level 4 of the Shoals
 33809 | Shoals:3 | Reached skill level 1 in Translocations
 33874 | Shoals:4 | Noticed Ilsuiw
 33933 | Shoals:4 | Noticed grisnicke's ghost (adept HOBe)
 33959 | Shoals:4 | Killed grisnicke's ghost
 34079 | Shoals:4 | Reached skill level 10 in Spellcasting
 34471 | Shoals:4 | Killed Ilsuiw
 34522 | Shoals:4 | Got a smoking battleaxe
 34523 | Shoals:4 | Identified the +5 battleaxe "Hytog" {flame, +Blink Int+4 Stlth+} (You found it on level 4 of the Shoals)
 35026 | Shoals:4 | Got a faintly glowing short sword
 35027 | Shoals:4 | Identified the +5 short sword of the Sky {drain, rF+ MR++} (You found it on level 4 of the Shoals)
 35240 | Shoals:4 | Got a barnacled rune of Zot
 35609 | Vaults:1 | Entered Level 1 of the Vaults
 36200 | Vaults:1 | Learned a level 3 spell: Regeneration
 36203 | Vaults:1 | Learned a level 2 spell: Song of Slaying
 36207 | Vaults:1 | Learned a level 3 spell: Spectral Weapon
 36248 | Vaults:1 | Found Cohaugan's Book Boutique.
 36292 | Vaults:1 | Reached skill level 15 in Dodging
 36443 | Vaults:1 | Reached skill level 1 in Necromancy
 36446 | Vaults:1 | Reached skill level 1 in Hexes
 36456 | Vaults:1 | Reached skill level 5 in Charms
 36625 | Vaults:1 | Reached XP level 21. HP: 119/119 MP: 38/38
 38142 | Vaults:2 | Learned a level 3 spell: Lesser Beckoning
 38147 | Vaults:2 | Learned a level 4 spell: Passage of Golubria
 38322 | Vaults:3 | Reached skill level 5 in Translocations
 38493 | Vaults:3 | Found Seuhaoqo's General Store.
 38500 | Vaults:3 | Bought 3 scrolls of fear for 126 gold pieces
 38500 | Vaults:3 | Bought a potion of haste for 120 gold pieces
 38500 | Vaults:3 | Bought a +3 amulet of reflection for 300 gold pieces
 38741 | Vaults:3 | Found a staircase to the Crypt.
 39470 | Vaults:3 | You fall through a shaft!
 39837 | Vaults:4 | Reached XP level 22. HP: 123/124 MP: 39/39
 40023 | Vaults:4 | Reached skill level 5 in Necromancy
 41870 | Elf:3    | Entered Level 3 of the Elven Halls
 42000 | Elf:3    | Noticed Aizul
 42017 | Elf:3    | Killed Aizul
 42959 | Elf:3    | Reached XP level 23. HP: 107/130 MP: 41/41
 43166 | Elf:3    | Reached skill level 10 in Translocations
 43176 | Elf:3    | Got a warped double sword
 43177 | Elf:3    | Identified the cursed +0 double sword of the Scavenger {elec, Str+3 Dex+5} (You found it on level 3 of the Elven Halls)
 43186 | Elf:3    | Got an ancient lead ring
 43187 | Elf:3    | Identified the ring "Godiamy" {Fire +Inv rN+ MR-} (You found it on level 3 of the Elven Halls)
 43288 | Elf:3    | Identified a +4 rod of shadows (5/9) (You took it off a deep elf death mage on level 3 of the Elven Halls)
 43345 | Elf:3    | Got a pitted bronze ring
 43346 | Elf:3    | Identified the ring "Xidyin" {EV+3 Int-3 Dex+6} (You found it on level 3 of the Elven Halls)
 43374 | Elf:3    | Got a translucent long sword
 43375 | Elf:3    | Identified the +9 long sword "Viserr" {slice, rPois SInv} (You found it on level 3 of the Elven Halls)
 43384 | Elf:3    | Got a pitted leather armour
 43395 | Elf:3    | Identified the +2 leather armour of Gehenna {rPois rN+ Dex-4} (You found it on level 3 of the Elven Halls)
 43791 | Depths:1 | Entered Level 1 of the Depths
 43796 | Depths:1 | Got a polished helmet
 43797 | Depths:1 | Identified the +5 helmet "Affo" {*Drain +Inv SInv Stlth-} (You found it on level 1 of the Depths)
 43912 | Depths:1 | Found a gateway to Hell.
 45208 | Vaults:5 | Entered Level 5 of the Vaults
 45524 | Vaults:5 | Got a silver rune of Zot
 45718 | Vaults:5 | Noticed a golden dragon
 45752 | Vaults:5 | Reached XP level 24. HP: 87/135 MP: 40/42
 46156 | Vaults:5 | Noticed an ancient lich
 46474 | Vaults:5 | Got a shimmering glaive
 46480 | Vaults:5 | Identified the +6 glaive "Jozamoig" {antimagic, rN+ MR+ Str-4 Int+3} (You found it on level 5 of the Vaults)
 46503 | Vaults:5 | Identified a +0 rod of shadows (14/14) (You found it on level 5 of the Vaults)
 46841 | Vaults:5 | Killed an ancient lich
 46851 | Vaults:5 | Reached skill level 15 in Spellcasting
 47084 | Vaults:5 | Reached skill level 15 in Armour
 48220 | Crypt:1  | Entered Level 1 of the Crypt
 48335 | Crypt:1  | Reached XP level 25. HP: 93/142 MP: 43/43
 49645 | Crypt:3  | Entered Level 3 of the Crypt
 49818 | Crypt:3  | Found a basalt altar of Yredelemnul.
 50297 | Crypt:3  | Found a staircase to the Tomb.
 50297 | Crypt:3  | Noticed Jory
 50325 | Crypt:3  | Killed Jory
 50328 | Crypt:3  | Got a shimmering glaive {flame}
 50329 | Crypt:3  | Identified the +8 glaive "Laimeroh" {flame, MP+9 Int+4 Stlth+} (You took it off Jory on level 3 of the Crypt)
 50369 | Crypt:3  | Got a jewelled scale mail
 50380 | Crypt:3  | Identified the +3 scale mail "Caoredgh" {rF+ rC- MP+9 Int+3} (You found it on level 3 of the Crypt)
 51319 | Depths:2 | Found Inenawiasi's Jewellery Boutique.
 51319 | Depths:2 | Found Ponang's Gadget Emporium.
 51320 | Depths:2 | Found Yclaulid's Gadget Emporium.
 51327 | Depths:2 | Bought an uncursed ring of fire for 350 gold pieces
 51418 | Depths:2 | Reached XP level 26. HP: 142/149 MP: 42/44
 51638 | Depths:2 | Found a one-way gate leading to the halls of Pandemonium.
 51960 | Depths:3 | Found a gateway to a ziggurat.
 52232 | Depths:3 | Gained mutation: Your mind is acute. (Int +2) [potion of beneficial mutation]
 52602 | Depths:3 | Found a deep blue altar of Sif Muna.
 52658 | Depths:3 | Identified the Incunabulum of Creative Bewitchment
 52668 | Depths:3 | Identified the Disquisition on the Fetching Arsonist
 52695 | Depths:3 | Identified the Catalogue of the Rocks and Dislocation
 52710 | Depths:3 | Identified the Tome of Success
 52827 | Depths:3 | Identified the Collected Works on Entrancing Arcane Weapons
 52837 | Depths:3 | Identified Qiocen's Volume of Boosting Conjuration
 53050 | Depths:4 | Found a one-way gate to the infinite horrors of the Abyss.
 53950 | Elf:3    | Reached skill level 5 in Shields
 54596 | Depths:4 | Paralysed by a floating eye for 2 turns
 54600 | Depths:4 | Noticed a juggernaut
 54600 | Depths:4 | Noticed Frederick
 54620 | Depths:4 | Killed a juggernaut
 54635 | Depths:4 | Reached skill level 10 in Shields
 54662 | Depths:4 | Killed Frederick
 54713 | Depths:4 | Reached XP level 27. HP: 95/154 MP: 44/44
 54905 | Depths:4 | Noticed a juggernaut
 54909 | Depths:4 | Paralysed by a floating eye for 3 turns
 54942 | Depths:4 | Killed a juggernaut
 55332 | Depths:5 | Entered Level 5 of the Depths
 55879 | Depths:5 | Noticed the Enchantress
 55914 | Depths:5 | Cast into level 3 of the Abyss (the Enchantress)
 55971 | Depths:5 | Escaped the Abyss
 55982 | Depths:5 | Killed the Enchantress
 55995 | Depths:5 | Got faerie dragon scales
 55996 | Depths:5 | Identified the +5 faerie dragon scales {rPois rN+ MR+++ Int-2} (You took it off the Enchantress on level 5 of the Depths)
 56057 | Depths:4 | Reached skill level 15 in Shields
 56846 | Depths:5 | Found a runed door.
 56850 | Depths:5 | Found a runed door.
 56890 | Depths:5 | Found a runed door.
 56926 | Depths:5 | Found a runed door.
 56947 | Depths:5 | Found a runed door.
 56954 | Depths:5 | Found a runed door.
 57078 | Depths:5 | Found a gate to the Realm of Zot.
 57866 | Slime:1  | Entered Level 1 of the Pits of Slime
 57927 | Slime:2  | Noticed Dissolution
 57962 | Slime:1  | Killed Dissolution
 58064 | Slime:2  | Gained mutation: Your magical capacity is low. (-10% MP) [a shining eye]
 58117 | Slime:2  | Gained mutation: You have a pair of small horns on your head. [a shining eye]
 58118 | Slime:2  | Gained mutation: You have sharp toenails. [a shining eye]
 58248 | Slime:5  | Entered Level 5 of the Pits of Slime
 58295 | Slime:4  | Reached skill level 15 in Translocations
 58395 | Slime:5  | Noticed the Royal Jelly
 58411 | Slime:5  | Killed the Royal Jelly
 58651 | Slime:5  | Identified the +7 great sword of Ymali {flame, rElec Str+2 Dex+3} (You found it on level 5 of the Pits of Slime)
 58716 | Slime:5  | Got a slimy rune of Zot
 58728 | Slime:5  | Identified the Guide on Earthen Creation
 58740 | Slime:5  | Identified a +2 rod of ignition (9/9) (You found it on level 5 of the Pits of Slime)
 58749 | Slime:5  | Got a clouded amber ring
 58750 | Slime:5  | Identified the ring "Houbb" {Str+2 Dex+5 SInv Stlth+} (You found it on level 5 of the Pits of Slime)
 58769 | Slime:5  | Got a smoking platinum amulet
 58770 | Slime:5  | Identified the amulet "Kyosih" {Reflect *Slow rF++ Int+6 SH+3 Stlth-} (You found it on level 5 of the Pits of Slime)
 58814 | Slime:5  | Got a polished hat
 58820 | Slime:5  | Identified the +5 hat "Iplog" {rC+} (You acquired it on level 5 of the Pits of Slime)
 59181 | Zig:1    | Entered Level 1 of a ziggurat
 59182 | Zig:1    | Noticed Juschieg the pandemonium lord
 59208 | Zig:1    | Killed Juschieg the pandemonium lord
 59249 | Zig:2    | Entered Level 2 of a ziggurat
 59286 | Zig:3    | Entered Level 3 of a ziggurat
 59329 | Zig:4    | Entered Level 4 of a ziggurat
 59383 | Zig:4    | Learned a level 6 spell: Dispersal
 59388 | Zig:4    | Learned a level 4 spell: Force Lance
 59397 | Zig:4    | Learned a level 8 spell: Disjunction
 59406 | Zig:4    | Learned a level 8 spell: Controlled Blink
 59410 | Zig:4    | Learned a level 3 spell: Gell's Gravitas
 59412 | Zig:5    | Entered Level 5 of a ziggurat
 59470 | Zig:5    | Identified the +11 battleaxe "Catauk" {chop, *Drain rF- rN++ Int+9} (You found it on level 5 of a ziggurat)
 59484 | Zig:6    | Entered Level 6 of a ziggurat
 59522 | Zig:6    | Identified Kafiorub's Almanac of Shifting Confrontation
 59541 | Zig:7    | Entered Level 7 of a ziggurat
 59656 | Zig:8    | Entered Level 8 of a ziggurat
 59731 | Zig:8    | Got a glittering amber ring
 59732 | Zig:8    | Identified the ring "Nilodyhi" {Fire Dex+6} (You found it on level 8 of a ziggurat)
 59758 | Zig:9    | Entered Level 9 of a ziggurat
 59782 | Zig:9    | Noticed an ancient lich
 60010 | Depths:4 | Lost mutation: Your magical capacity is low. (-10% MP) [potion of cure mutation]
 60010 | Depths:4 | Lost mutation: Your mind is acute. (Int +2) [potion of cure mutation]
 60010 | Depths:4 | Lost mutation: You have a pair of small horns on your head. [potion of cure mutation]
 60225 | Zot:1    | Entered Level 1 of the Realm of Zot
 61717 | Zot:2    | Found a hazy altar of Hepliaklqana.
 63215 | Zot:4    | Noticed an orb of fire
 63239 | Zot:4    | Killed an orb of fire
 63265 | Zot:4    | Identified the cursed +3 long sword "Gumoz" {elec, +Fly rN+ MR+} (You found it on level 4 of the Realm of Zot)
 64425 | Zot:5    | Entered Level 5 of the Realm of Zot
 64599 | Zot:5    | Noticed an ancient lich
 64611 | Zot:5    | Killed an ancient lich
 64700 | Zot:5    | Noticed an ancient lich
 64702 | Zot:5    | Noticed an ancient lich
 64702 | Zot:5    | Noticed an orb of fire
 64702 | Zot:5    | Gained mutation: You tend to lose your temper in combat. [an orb of fire]
 64721 | Zot:5    | Killed an ancient lich
 64735 | Zot:5    | Killed an orb of fire
 64742 | Zot:5    | Killed an ancient lich
 64999 | Zot:5    | Noticed an orb of fire
 65003 | Zot:5    | Gained mutation: You often lose your temper in combat. [an orb of fire]
 65014 | Zot:5    | Killed an orb of fire
 65073 | Zot:5    | Noticed an orb of fire
 65073 | Zot:5    | Gained mutation: You are frail. (-10% HP) [an orb of fire]
 65076 | Zot:5    | Gained mutation: You are very frail. (-20% HP) [an orb of fire]
 65083 | Zot:5    | Killed an orb of fire
 65129 | Zot:5    | Noticed an ancient lich
 65144 | Zot:5    | Killed an ancient lich
 65274 | Zot:5    | Got the Orb of Zot
 65801 | D:9      | Lost mutation: You have sharp toenails. [potion of cure mutation]
 65801 | D:9      | Lost mutation: You are very frail. (-20% HP) [potion of cure mutation]
 65801 | D:9      | Lost mutation: You are frail. (-10% HP) [potion of cure mutation]
 65801 | D:9      | Lost mutation: You often lose your temper in combat. [potion of cure mutation]
 65802 | D:9      | Lost mutation: Your system is resistant to poisons. (rPois) [potion of cure mutation]
 65802 | D:9      | Lost mutation: You tend to lose your temper in combat. [potion of cure mutation]
 66066 | D:$      | Escaped with the Orb!

Skill      XL: |  1  2  3  4  5  6  7  8  9 10 11 12 13 14 15 16 17 18 19 20 21 22 23 24 25 26 27 |
---------------+----------------------------------------------------------------------------------+-----
Fighting       | 1 2 3 4 5 7 9 10 11 13 14 15 16 18 19 20 | 20.0
Short Blades   | 1 |  1.2
Dodging        | 2 3 5 7 9 10 11 12 14 15 18 19 21 | 21.0
Evocations     | 3 4 6 |  6.0
Long Blades    | 1 2 3 5 7 9 12 14 15 16 18 | 18.4
Spellcasting   | 1 8 12 13 14 15 16 19 | 19.0
Armour         | 1 4 6 8 9 10 11 12 14 15 17 | 17.8
Shields        | 3 4 11 15 | 15.1
Charms         | 4 5 6 7 8 9 |  9.4
Air Magic      | 3 |  3.8
Translocations | 4 9 10 21 | 21.5
Necromancy     | 1 3 5 6 7 |  7.6
Hexes          | 1 3 |  3.2
Stealth        | |  1.4

Action                   |  1- 3 |  4- 6 |  7- 9 | 10-12 | 13-15 | 16-18 | 19-21 | 22-24 | 25-27 || total
-------------------------+-------+-------+-------+-------+-------+-------+-------+-------+-------++-------
Melee: Short sword       |   109 |       |       |       |       |       |       |       |       ||   109
       Bite              |    30 |    43 |   145 |   219 |   522 |   668 |   914 |   776 |  2679 ||  5996
       Long sword        |     2 |   119 |   279 |    11 |       |       |       |       |       ||   411
       Scimitar          |       |       |    23 |   398 |  1075 |   882 |       |       |       ||  2378
       Double sword      |       |       |       |       |       |   513 |  1034 |       |       ||  1547
       Katana            |       |       |       |       |       |       |   778 |  1561 |  1077 ||  3416
       Demon blade       |       |       |       |       |       |       |       |       |  3497 ||  3497
       Headbutt          |       |       |       |       |       |       |       |       |   251 ||   251
Throw: Stone             |       |       |     4 |       |       |       |       |       |       ||     4
 Cast: Repel Missiles    |     1 |     1 |       |       |       |     3 |    11 |    15 |    19 ||    50
       Spectral Weapon   |       |       |       |       |       |       |    29 |    15 |       ||    44
       Regeneration      |       |       |       |       |       |       |    16 |    38 |     7 ||    61
       Song of Slaying   |       |       |       |       |       |       |    14 |    20 |    22 ||    56
       Lesser Beckoning  |       |       |       |       |       |       |     5 |    52 |     6 ||    63
       Apportation       |       |       |       |       |       |       |       |       |     1 ||     1
       Dispersal         |       |       |       |       |       |       |       |       |     1 ||     1
       Passage of Golubr |       |       |       |       |       |       |       |       |     1 ||     1
       Gell's Gravitas   |       |       |       |       |       |       |       |       |     1 ||     1
 Abil: Evoke Invisibilit |       |       |       |       |     5 |     8 |     2 |       |       ||    15
       Turn Visible      |       |       |       |       |     1 |     5 |     1 |       |       ||     7
       Evoke Fog         |       |       |       |       |       |       |     1 |       |       ||     1
       Evoke Berserk Rag |       |       |       |       |       |       |     1 |       |     2 ||     3
       Stop Singing      |       |       |       |       |       |       |     1 |     5 |       ||     6
Evoke: Wand              |     1 |    14 |    35 |    11 |     7 |     7 |    15 |    14 |    15 ||   119
       Phantom mirror    |       |       |       |       |       |       |       |     1 |       ||     1
       Lamp of fire      |       |       |       |       |       |       |       |       |     3 ||     3
  Use: Scroll            |       |     3 |    16 |    14 |     8 |    23 |     6 |    14 |    25 ||   109
       Potion            |       |       |     1 |     4 |       |    14 |     5 |     4 |    14 ||    42
 Stab: Sleeping          |     3 |     3 |       |     2 |     1 |     1 |     1 |     2 |       ||    13
       Confused          |       |       |     1 |       |       |       |       |       |       ||     1
       Invisible         |       |       |     6 |     3 |    11 |    32 |    14 |       |       ||    66
       Distracted        |       |       |       |     2 |     1 |     1 |     9 |     4 |       ||    17
       Petrified         |       |       |       |       |     1 |       |       |       |       ||     1
       Held in net/web   |       |       |       |       |       |       |     1 |       |       ||     1
  Eat: Chunk             |     4 |     4 |     4 |    24 |    41 |    20 |    35 |    16 |    34 ||   182
       Meat ration       |       |       |     1 |       |       |       |       |     1 |     1 ||     3
       Bread ration      |       |       |     1 |       |       |     1 |       |     1 |     8 ||    11
       Beef jerky        |       |       |       |     2 |       |     3 |     3 |     3 |    16 ||    27
       Royal jelly       |       |       |       |       |       |     1 |       |     2 |       ||     3
Armor: Leather armour    |    16 |    25 |       |       |       |       |       |       |       ||    41
       Ring mail         |       |     9 |    76 |   140 |   242 |   367 |   455 |    71 |   327 ||  1687
       Plate armour      |       |       |       |       |       |       |       |   353 |       ||   353
       Shadow dragon sca |       |       |       |       |       |       |       |     8 |       ||     8
       Mottled dragon sc |       |       |       |       |       |       |       |       |   397 ||   397
       Quicksilver drago |       |       |       |       |       |       |       |       |   256 ||   256
Dodge: Dodged            |    61 |    84 |   163 |   233 |   618 |   854 |  1332 |   549 |  2706 ||  6600
       Deflected         |     1 |       |     4 |       |       |     3 |    46 |    48 |    64 ||   166
Block: Buckler           |       |       |       |       |   178 |   536 |   848 |   488 |   739 ||  2789
       Reflection        |       |       |       |       |       |    25 |    71 |    69 |    54 ||   219
       Shield            |       |       |       |       |       |       |       |       |  2757 ||  2757
       Rpst.: Long sword |     1 |    23 |    55 |     2 |       |       |       |       |       ||    81
       Scimitar          |       |       |     2 |    76 |   142 |    80 |       |       |       ||   300
       Double sword      |       |       |       |       |       |   106 |   191 |       |       ||   297
       Katana            |       |       |       |       |       |       |    89 |   130 |   125 ||   344
       Demon blade       |       |       |       |       |       |       |       |       |   368 ||   368
